 Dungeon Crawl Stone Soup version 0.29-a0-459-g97dee8cd24 (webtiles) character file.

Game seed: 17510445573671077679

82 frimble the Grasshopper (level 4, -1/38 HPs)
             Began as a Gnoll Warper on May 20, 2022.
             Succumbed to a scorpion's poison
             ... on level 5 of the Dungeon.
             The game lasted 00:02:36 (2870 turns).

frimble the Grasshopper (Gnoll Warper)              Turns: 2870, Time: 00:02:37

Health: -1/38      AC:  4    Str: 10    XL:     4   Next: 43%
Magic:  11/11      EV: 11    Int: 14    God:
Gold:   57         SH:  0    Dex: 12    Spells: 11/13 levels left

rFire   + . .      SeeInvis .   e - +1 short sword (elec)
rCold   + + .      Faith    .   (no shield)
rNeg    . . .      Spirit   .   j - +0 ring mail
rPois   +          Reflect  .   (helmet restricted)
rElec   +          Harm     .   (no cloak)
rCorr   +          Rampage  .   (no gloves)
Will    .....                   t - +0 pair of boots
Stlth   +.........              (no amulet)
HPRegen 0.12/turn               g - ring of protection from cold
MPRegen 0.12/turn               (no ring)

@: mighty, lethally poisoned (-1 -> -16), resistant
A: fangs 1, strong nose, distributed training, antennae 1, deformed body
a: no special abilities


You were on level 5 of the Dungeon.
You visited 1 branch of the dungeon, and saw 5 of its levels.

You collected 57 gold pieces.

Inventory:

Hand Weapons
 e - a +1 short sword of electrocution (weapon)
Missiles
 c - 5 boomerangs of dispersal (quivered)
Armour
 i - a +0 helmet
 j - a +0 ring mail (worn)
 m - a +0 buckler
 t - a +0 pair of boots (worn)
Jewellery
 g - a ring of protection from cold (left hand)
Scrolls
 b - a scroll of blinking
 f - 2 scrolls of fear {unknown}
 k - a scroll of identify {unknown}
 l - 2 scrolls of vulnerability {unknown}
 n - 2 scrolls of amnesia {unknown}
 o - a scroll of noise {unknown}
 q - a scroll of teleportation {unknown}
 r - a scroll of fog {unknown}
Potions
 p - a potion of resistance
 s - a potion of magic {unknown}
 u - a potion of curing {unknown}


   Skills:
 + Level 4.6 Fighting
 + Level 1.1 Short Blades
 + Level 1.1 Long Blades
 + Level 1.1 Axes
 + Level 1.1 Maces & Flails
 + Level 1.1 Polearms
 + Level 1.1 Staves
 + Level 1.1 Slings
 + Level 1.1 Bows
 + Level 1.1 Crossbows
 + Level 2.7 Throwing
 + Level 2.7 Armour
 + Level 4.6 Dodging
 + Level 1.1 Stealth
 + Level 1.1 Shields
 + Level 4.6 Unarmed Combat
 + Level 5.1 Spellcasting
 + Level 0.9 Conjurations
 + Level 0.9 Hexes
 + Level 0.9 Summonings
 + Level 0.9 Necromancy
 + Level 5.4 Translocations
 + Level 0.9 Transmutations
 + Level 0.9 Fire Magic
 + Level 0.9 Ice Magic
 + Level 0.9 Air Magic
 + Level 0.9 Earth Magic
 + Level 0.9 Poison Magic
 + Level 1.2 Invocations
 + Level 1.1 Evocations


You had 11 spell levels left.
You knew the following spells:

 Your Spells              Type           Power      Damage    Failure   Level
a - Blink                 Tloc           36%        N/A       7%          2

Your spell library contained the following spells:

 Spells                   Type           Power      Damage    Failure   Level
 Gell's Gravitas          Tloc           18%        N/A       13%         3
 Lesser Beckoning         Tloc           18%        N/A       13%         3
 Teleport Other           Tloc           18%        N/A       13%         3
 Manifold Assault         Tloc           18%        N/A       77%         5


Dungeon Overview and Level Annotations

Branches:
Dungeon (5/15)
 Temple: D:4-7

Altars:
Elyvilon

Annotations:
D:4 Dowan, Duvessa


Innate Abilities, Weirdness & Mutations

You have very sharp teeth.
Your uncanny sense of smell can sniff out nearby items.
Your experience applies equally to all skills.
You have a pair of small antennae on your head.
Armour fits poorly on your strangely shaped body.


Message History

You feel very sick. The scorpion stings you.
You are more poisoned.
The scorpion poisons you!
You barely miss the scorpion.
The scorpion is moderately wounded.
You feel very sick.
The scorpion stings you but does no damage.
You hit the scorpion.
The scorpion is moderately wounded.
You feel very sick. The scorpion misses you.
The scorpion stings you but does no damage.
You barely miss the scorpion.
The scorpion is moderately wounded.
You feel very sick. The scorpion barely misses you.
You hit the scorpion but do no damage.
The scorpion is moderately wounded.
* * * LOW HITPOINT WARNING * * *
You feel sick.
The scorpion stings you but does no damage.
It was a potion of resistance.
You feel protected.
* * * LOW HITPOINT WARNING * * *
You feel sick. The scorpion stings you.
* * * LOW HITPOINT WARNING * * *
You are lethally poisoned!
The scorpion poisons you!
The scorpion stings you but does no damage.
It was a potion of mutation.
You feel extremely strange.
Your body twists and deforms.
A pair of antennae grows on your head!
Your +0 helmet falls away!
* * * LOW HITPOINT WARNING * * *
You feel very sick. The scorpion stings you.
* * * LOW HITPOINT WARNING * * *
It was a potion of might.
You feel very mighty all of a sudden.
You die...

.... ......#
....####......#
..............#
..............#
..>..........
...........
.......s.##.#
.......@....#
.......#.#..#
....#.. ... ..?
### #.# .##.# .
#. ## # .. ..
.#


You could see a scorpion.

Vanquished Creatures
  Robin (D:2)
  2 adders
  2 dart slugs
  2 orcs (D:4)
  A bat (D:1)
  2 giant cockroaches
  11 goblins
  3 hobgoblins
  4 jackals (D:4)
  2 quokkas
  3 ball pythons
  3 frilled lizards
  7 kobolds
  3 rats
46 creatures vanquished.

Notes
Turn   | Place    | Note
-------+----------+-------------------------------------------
     0 | D:1      | frimble the Gnoll Warper began the quest for the Orb.
     0 | D:1      | Reached XP level 1. HP: 20/20 MP: 6/6
   316 | D:1      | Reached XP level 2. HP: 16/26 MP: 7/7
   480 | D:1      | Learned a level 2 spell: Blink
   659 | D:1      | Found a faded altar of an unknown god.
  1004 | D:2      | Found a white marble altar of Elyvilon.
  1230 | D:2      | Noticed Robin
  1237 | D:2      | Reached XP level 3. HP: 31/31 MP: 9/9
  1246 | D:2      | Reached skill level 5 in Spellcasting
  1249 | D:2      | Killed Robin
  1250 | D:2      | Reached skill level 1 in Invocations
  1992 | D:3      | Reached skill level 1 in Short Blades
  1992 | D:3      | Reached skill level 1 in Long Blades
  1992 | D:3      | Reached skill level 1 in Axes
  1992 | D:3      | Reached skill level 1 in Maces & Flails
  1992 | D:3      | Reached skill level 1 in Polearms
  1992 | D:3      | Reached skill level 1 in Staves
  1992 | D:3      | Reached skill level 1 in Slings
  1992 | D:3      | Reached skill level 1 in Bows
  1992 | D:3      | Reached skill level 1 in Crossbows
  1992 | D:3      | Reached skill level 1 in Stealth
  1992 | D:3      | Reached skill level 1 in Shields
  1992 | D:3      | Reached skill level 1 in Evocations
  2235 | D:4      | Reached XP level 4. HP: 19/38 MP: 11/11
  2842 | D:4      | Noticed Duvessa
  2842 | D:4      | Noticed Dowan
  2857 | D:5      | Entered Level 5 of the Dungeon
  2857 | D:5      | Noticed a scorpion
  2869 | D:5      | Gained mutation: Armour fits poorly on your strangely
                  | shaped body. [potion of mutation]
  2869 | D:5      | Gained mutation: You have a pair of small antennae on your
                  | head. [potion of mutation]
  2870 | D:5      | Succumbed to a scorpion's poison

Illustrated notes

Levels and vault maps discovered:
D:1:      dpeg_arrival_arbitrary_b, layout_rooms,
          shapermc_ecumenical_altar_starsandcircs
D:2:      layout_loops_ring, basic_altar, uniq_robin
D:3:      layout_basic, serial_shops, shop, dk_vineyard_1, hex_large,
          minivault_14
D:4:      layout_gridville, uniq_duvessa
D:5:      minmay_diamond_boxcup, layout_rooms,
          minmay_temple_entry_statues_fountains, gammafunk_ghost_mausoleum

Skill      XL: |  1  2  3 |
---------------+----------+-----
Spellcasting   | 5 |  5.1
Invocations    | 1 |  1.2
Short Blades   | 1 |  1.1
Long Blades    | 1 |  1.1
Axes           | 1 |  1.1
Maces & Flails | 1 |  1.1
Polearms       | 1 |  1.1
Staves         | 1 |  1.1
Slings         | 1 |  1.1
Bows           | 1 |  1.1
Crossbows      | 1 |  1.1
Stealth        | 1 |  1.1
Shields        | 1 |  1.1
Evocations     | 1 |  1.1
Fighting       | |  4.6
Throwing       | |  2.7
Armour         | |  2.7
Dodging        | |  4.6
Unarmed Combat | |  4.6
Conjurations   | |  0.9
Hexes          | |  0.9
Summonings     | |  0.9
Necromancy     | |  0.9
Translocations | |  5.4
Transmutations | |  0.9
Fire Magic     | |  0.9
Ice Magic      | |  0.9
Air Magic      | |  0.9
Earth Magic    | |  0.9
Poison Magic   | |  0.9

Action                   |  1- 3 |  4- 6 || total
-------------------------+-------+-------++-------
Melee: Short sword       |    96 |    41 ||   137
       Bite              |    11 |     4 ||    15
       Punch             |     1 |       ||     1
Throw: Boomerang         |       |     2 ||     2
  Use: Scroll            |     1 |       ||     1
       Potion            |       |     3 ||     3
Armor: Leather armour    |    12 |       ||    12
       Ring mail         |    22 |    22 ||    44
Dodge: Dodged            |    62 |    24 ||    86

Table legend: (Time is in decaauts)
 A = Elapsed time spent in this place.
 B = Non-inter-level travel time spent in this place.
 C = Inter-level travel time spent in this place.
 D = Time resting spent in this place.
 E = Time spent auto-exploring this place.
 F = Levels seen in this place.
 G = Mean time per level.
                   A        B        C        D        E       F      G
               +--------+--------+--------+--------+--------+-----+--------+
         Total |   2880 |   2781 |     99 |    374 |   2011 |   5 |  576.0 |
       Dungeon |   2880 |   2781 |     99 |    374 |   2011 |   5 |  576.0 |
               +--------+--------+--------+--------+--------+-----+--------+

Top non-repeatable levels by time:
     D:2: 965 daAuts
     D:1: 858 daAuts
     D:4: 848 daAuts
     D:3: 195 daAuts
     D:5: 13 daAuts
